Map: Zen LE

Players

antagomiR

  • Race: Protoss Protoss
  • League: Gold
  • Spawn Location: 1:00

NightKnight - Winner!

  • Race: Terran Terran
  • League: Silver
  • Spawn Location: 7:00

VOD

Have the link to the VOD?

Description

Time

  • Played on: April 4, 2020, 3:03 p.m.
  • Length: 18:16
Show
View Real Time Build Order
Export as new Build Order

antagomiR Protoss 

Build Orders:  

Get SALT Encoding   

  12  0:01  Probe  
  13  0:13  Probe  
  14  0:18  Pylon  
  14  0:26  Probe  
  15  0:38  Gateway  
  15  0:41  Probe  
  16  0:53  Probe  
  16  0:56  Assimilator  
  17  1:06  Probe  
  17  1:09  Assimilator  
  18  1:20  Probe  
  19  1:32  Probe  
  20  1:35  Cybernetics Core  
  20  1:44  Probe  
  20  1:56  Probe  
  20  1:57  Nexus  
  21  2:04  Pylon  
  21  2:05  Warp Gate (Chrono Boost)  
  21  2:08  Probe  
  22  2:22  Adept  
  24  2:24  Probe  
  25  2:36  Probe  
  26  2:49  Probe  
  27  3:01  Probe  
  28  3:09  Gateway  
  28  3:10  Gateway  
  28  3:12  Probe  
  29  3:13  Probe  
  30  3:20  Pylon  
  30  3:24  Probe  
  30  3:25  Probe  
  32  3:30  Shield Battery  
  32  3:36  Probe  
  32  3:38  Probe, Robotics Facility  
  34  3:43  Stalker  
  34  3:48  Probe  
  37  3:50  Probe  
  38  4:00  Probe  
  38  4:02  Probe, Pylon  
  40  4:12  Stalker  
  40  4:13  Sentry  
  40  4:15  Sentry  
  46  4:40  Sentry  
  46  4:41  Stalker x2  
  46  4:44  Probe x2  
  54  4:51  Forge  
  54  4:55  Twilight Council  
  54  4:56  Probe x2  
  54  4:59  Pylon  
  56  5:05  Stalker x3  
  62  5:17  Probe x2, Observer  
  65  5:26  Protoss Ground Weapons Level 1 (Chrono Boost)  
  65  5:29  Probe x2  
  67  5:41  Probe x2  
  46  5:57  Stalker x2  
  48  6:09  Zealot  
  50  6:28  Pylon  
  50  6:30  Probe x2  
  52  6:47  Zealot x2  
  56  6:56  Assimilator  
  56  7:00  Assimilator  
  56  7:05  Pylon  
  56  7:17  Stalker  
  56  7:18  Zealot  
  56  7:19  Zealot  
  62  7:32  Gateway  
  62  7:33  Gateway  
  62  7:35  Gateway  
  62  7:38  Pylon  
  56  8:13  Probe x2  
  57  8:25  Probe x2  
  59  8:30  Pylon  
  57  8:37  Probe x2  
  59  8:49  Probe x2  
  61  9:01  Probe x2  
  58  9:03  Stalker x2  
  58  9:04  Stalker  
  63  9:29  Probe x2  
  65  9:33  Stargate  
  65  9:39  Photon Cannon  
  65  9:41  Probe x2  
  65  9:43  Photon Cannon  
  67  9:47  Photon Cannon  
  67  9:49  Stalker x5  
  67  9:50  Stalker  
  67  9:51  Photon Cannon  
  79  9:53  Probe x2  
  81  10:08  Stargate  
  80  10:19  Stalker  
  80  10:20  Stalker x2  
  86  10:43  Nexus  
  86  10:44  Pylon  
  86  10:45  Protoss Ground Weapons Level 2 (Chrono Boost)  
  86  10:47  Pylon  
  86  11:02  Void Ray  
  86  11:03  Observer  
  91  11:07  Probe x2  
  93  11:11  Shield Battery  
  93  11:13  Photon Cannon  
  93  11:14  Photon Cannon  
  93  11:19  Probe x2, Photon Cannon  
  93  11:21  Assimilator  
  93  11:24  Assimilator  
  95  11:26  Pylon, Void Ray  
  99  11:39  Fleet Beacon  
  99  11:41  Pylon  
  99  11:45  Void Ray  
  103  11:48  Stalker  
  103  11:49  Stalker  
  107  12:03  Probe x3  
  110  12:15  Probe x3, Pylon  
  113  12:23  Stargate  
  113  12:27  Probe x2  
  113  12:28  Void Ray x2  
  123  12:33  Probe  
  124  12:39  Probe x2  
  124  12:42  Sentry x2  
  122  13:10  Stalker  
  122  13:11  Stalker x3  
  122  13:12  Stalker x2  
  118  13:27  Void Ray  
  122  13:41  Stalker  
  122  13:42  Stalker x5  
  134  13:58  Pylon  
  134  14:00  Pylon  
  134  14:02  Pylon  
  134  14:07  Observer  
  134  14:09  Probe  
  138  14:10  Probe x2  
  138  14:16  Void Ray  
  142  14:20  Photon Cannon  
  142  14:21  Probe, Photon Cannon  
  143  14:41  Sentry  
  143  14:42  Stalker x2  
  102  16:07  Probe x2  
  104  16:19  Probe x2  
  104  16:25  Pylon  
  106  16:31  Probe  
  107  16:37  Probe  
  108  16:40  Observer  
  108  16:43  Probe  
  109  16:49  Probe  
  110  16:55  Probe  
  111  17:01  Probe  
  111  17:08  Probe  
  113  17:10  Cybernetics Core  
  113  17:35  Probe x2  
  115  17:44  Photon Cannon  
  115  17:47  Photon Cannon  
  115  17:49  Photon Cannon  
Show
View Real Time Build Order
Export as new Build Order

NightKnight Terran - Winner!

Build Orders:  

Get SALT Encoding   

  12  0:09  Supply Depot  
  12  0:13  SCV  
  13  0:25  SCV  
  14  0:35  Barracks  
  14  0:37  SCV  
  15  0:44  Refinery  
  15  0:49  SCV  
  16  1:02  SCV  
  17  1:14  SCV  
  18  1:23  Supply Depot  
  18  1:24  Marine  
  19  1:26  SCV  
  19  1:30  Refinery  
  20  1:42  Marine  
  20  1:44  Orbital Command  
  21  1:54  Factory  
  21  2:00  Marine  
  22  2:11  SCV  
  23  2:18  Marine  
  24  2:23  SCV  
  24  2:25  Supply Depot  
  25  2:35  SCV  
  25  2:36  Marine  
  27  2:37  Factory Tech Lab  
  27  2:42  Starport  
  27  2:50  Supply Depot  
  27  2:52  SCV  
  27  2:53  Marine  
  29  3:04  SCV  
  30  3:07  Siege Tank  
  33  3:20  Medivac  
  33  3:22  Marine  
  36  3:28  Engineering Bay  
  36  3:39  Siege Tank  
  36  3:40  Marine  
  40  3:55  Starport Tech Lab  
  40  4:00  Medivac  
  42  4:06  Command Center  
  42  4:08  Marine  
  43  4:17  Supply Depot  
  42  4:26  Marine  
  43  4:44  Marine  
  44  5:02  Marine, Starport Tech Lab  
  45  5:09  Fusion Core  
  45  5:10  SCV  
  46  5:20  Missile Turret  
  46  5:41  Missile Turret  
  33  6:25  SCV  
  30  6:28  Battlecruiser  
  35  6:37  SCV  
  35  6:38  SCV  
  37  6:41  Marine  
  38  6:49  SCV  
  38  6:50  SCV  
  40  6:56  Starport  
  40  6:58  Marine  
  40  6:59  Refinery  
  41  7:01  SCV  
  41  7:02  SCV, Refinery  
  43  7:14  SCV  
  44  7:23  Supply Depot  
  44  7:29  Planetary Fortress  
  44  7:40  Battlecruiser  
  50  7:49  Armory  
  44  8:42  Starport Tech Lab  
  44  8:47  Starport  
  44  9:18  Terran Ship Weapons Level 1  
  44  9:23  SCV, Armory  
  45  9:35  SCV  
  46  9:41  Command Center  
  46  9:47  SCV  
  47  9:59  SCV  
  48  10:11  SCV  
  48  10:13  Terran Vehicle And Ship Armor Level 1  
  49  10:16  Starport Tech Lab  
  49  10:17  Battlecruiser  
  49  10:18  Battlecruiser  
  61  10:23  SCV  
  62  10:35  SCV  
  62  10:39  Supply Depot  
  63  10:48  SCV  
  64  10:52  Planetary Fortress  
  64  10:55  Missile Turret  
  64  11:03  Supply Depot  
  64  11:06  Refinery  
  64  11:13  Terran Ship Weapons Level 2  
  64  11:15  Refinery  
  64  11:24  Starport, Battlecruiser x2  
  76  11:38  Battlecruiser  
  82  11:42  Supply Depot  
  82  11:49  SCV  
  83  12:01  SCV  
  84  12:04  Supply Depot, Starport Tech Lab  
  84  12:13  SCV  
  85  12:15  Terran Vehicle And Ship Armor Level 2  
  85  12:32  Battlecruiser  
  85  12:36  Supply Depot  
  91  12:42  Battlecruiser  
  97  12:59  Supply Depot  
  97  13:39  Terran Ship Weapons Level 3  
  97  14:17  Battlecruiser  
  97  14:18  Battlecruiser x2  
  97  14:24  Supply Depot  
  115  14:32  Terran Vehicle And Ship Armor Level 3  
  115  14:49  Supply Depot  
  103  16:07  Battlecruiser x4  
  127  16:16  SCV  
  128  16:28  SCV  
  128  16:29  Missile Turret  
  129  16:40  SCV  
  130  16:50  Missile Turret  
  130  16:52  SCV  
  131  17:04  SCV, Command Center  
Tags
 
Matchup
PvT
Replay Pack
20200422
Spawn Locations
Cross Positions
Add a new tag
Caveats
  • Supply blocks, unpowered buildings, or Contaminate may cause inaccurate times.
  • Supply counts are checked every 10 seconds.